AoeStats
← KDA HDT

Lombardia

507968664Analyzed
4v4 RM · 12d ago on Sep 20, 2026· 49m 40s· 8 players
Game mode
Random Map
Map size
Large (8 player)
Population
200
Speed
Normal
Resources
Standard
Victory
Conquest
Starting age
Dark Age
Ending age
Imperial Age
RankedLock teamsTeams togetherTeam positionsShared explorationLock speedFull tech treeHidden civsTurbo modeCheats
Victory
Defeat
🇨🇳 Romans · China
1956
+10
🇨🇳 Bohemians · China
1871
+13
🇨🇳 Portuguese · China
1800
+16
1668
+22
🇦🇷 Hindustanis · Argentina
1936
-20
1775
-14
🇻🇳 Chinese · Vietnam
1773
-14
🇧🇷 Tatars · Brazil
1750
-13
KDA HDT
0:26 Loom
10:33 Feudal Age
15:04 Castle Age
14:01 Double-Bit Axe
13:57 Horse Collar
16:05 Bow Saw
22:57 Heavy Plow
25:41 Wheelbarrow
25:19 Gold Mining
29:51 Imperial Age
27:49 Scale Mail Armor
28:00 Forging
28:30 Hand Cart
28:44 Squires
28:59 Chain Mail Armor
30:19 Iron Casting
31:04 Arson
31:55 Plate Mail Armor
30:46 Elite Fire Lancer
32:40 Two-Man Saw
31:08 Capped Ram
33:20 Blast Furnace
33:02 Siege Ram
33:44 Fletching
34:15 Fortified Wall
34:55 Bodkin Arrow
35:01 Padded Archer Armor
36:35 Bracer
36:51 Leather Archer Armor
38:20 Chemistry
38:57 Ring Archer Armor
38:49 Ballistics
38:47 Thumb Ring
40:51 Coinage
39:53 Elite Chu Ko Nu
44:00 Gold Shaft Mining
44:09 Caravan
45:08 Conscription
48:37 Heavy Rocket Cart
Fish
10:55 Feudal Age
12:14 Loom
14:45 Castle Age
13:19 Double-Bit Axe
13:17 Horse Collar
16:01 Bow Saw
18:23 Wheelbarrow
22:02 Hand Cart
27:48 Imperial Age
25:46 Town Watch
26:07 Heavy Plow
26:49 Bloodlines
26:45 Scale Barding Armor
27:05 Gold Mining
27:55 Husbandry
27:53 Heavy Camel Rider
29:15 Conscription
29:57 Chain Barding Armor
29:51 Imperial Camel Rider
31:23 Forging
31:50 Plate Barding Armor
32:42 Forging
34:00 Iron Casting
33:32 Shatagni
33:34 Grand Trunk Road
34:22 Caravan
36:13 Blast Furnace
40:31 Hoardings
Pauli
5:56 Loom
8:51 Feudal Age
9:54 Double-Bit Axe
18:57 Castle Age
16:49 Horse Collar
19:55 Bow Saw
19:47 Heavy Plow
19:47 Light Cavalry
21:23 Bloodlines
25:04 Stone Mining
27:57 Wheelbarrow
27:56 Husbandry
32:43 Imperial Age
30:52 Hand Cart
30:50 Town Watch
31:03 Gold Mining
31:39 Scale Barding Armor
31:48 Fletching
32:27 Bodkin Arrow
33:01 Padded Archer Armor
33:38 Gold Shaft Mining
33:33 Ballistics
33:28 Bracer
34:38 Chemistry
33:50 Heavy Cavalry Archer
35:04 Scale Barding Armor
35:10 Forging
36:02 Leather Archer Armor
36:03 Hussar
37:41 Chain Barding Armor
39:58 Plate Barding Armor
39:59 Capped Ram
41:41 Ring Archer Armor
CTM | Lelouch Jogo Bonito
9:08 Feudal Age
8:13 Loom
13:36 Castle Age
12:25 Double-Bit Axe
15:23 Bow Saw
15:21 Town Watch
17:05 Horse Collar
20:16 Fletching
24:10 Husbandry
26:04 Bodkin Arrow
29:14 Bloodlines
30:40 Wheelbarrow
37:07 Imperial Age
35:08 Gold Mining
35:08 Stone Mining
35:03 Pikeman
35:44 Squires
36:31 Hand Cart
37:05 Stone Shaft Mining
37:15 Onager
37:22 Onager
37:26 Halberdier
38:23 Bracer
38:27 Scale Mail Armor
39:22 Forging
40:00 Squires
40:02 Tower Shields
40:23 Conscription
41:52 Chemistry
41:02 Masonry
40:33 Treadmill Crane
41:56 Herbal Medicine
42:11 Redemption
42:20 Chain Mail Armor
43:00 Iron Casting
43:41 Block Printing
43:37 Redemption
43:47 Sanctity
42:59 Elite Leitis
44:25 Scale Barding Armor
45:45 Chain Barding Armor
47:05 Plate Barding Armor
邪恶菜菜虎
9:17 Loom
11:03 Feudal Age
15:09 Castle Age
15:30 Double-Bit Axe
15:27 Horse Collar
17:40 Wheelbarrow
18:23 Bow Saw
21:59 Gold Mining
24:49 Stone Mining
24:47 Town Watch
30:34 Imperial Age
28:53 Hand Cart
29:28 Stone Shaft Mining
29:18 Heavy Plow
31:54 Elite Organ Gun
33:58 Chemistry
33:44 Conscription
34:55 Siege Engineers
36:09 Two-Man Saw
36:22 Arquebus
40:59 Caravan
41:57 Coinage
爱种田的太奶
4:52 Double-Bit Axe
6:38 Loom
9:15 Feudal Age
10:16 Bow Saw
12:49 Horse Collar
16:04 Wheelbarrow
20:24 Castle Age
19:53 Heavy Plow
23:15 Two-Man Saw
24:26 Hand Cart
25:08 Gold Mining
25:10 Stone Mining
26:36 Gold Shaft Mining
26:21 Town Watch
28:05 Scale Barding Armor
28:57 Chain Barding Armor
35:38 Imperial Age
34:01 Husbandry
34:13 Forging
34:14 Caravan
37:17 Plate Barding Armor
36:17 Elite Coustillier
37:23 Conscription
38:33 Iron Casting
38:06 Burgundian Vineyards
41:33 Capped Ram
44:35 Blast Furnace
45:52 Fletching
50:03 Ballistics
49:51 Bodkin Arrow
51:02 Chemistry
50:13 Masonry
RTMaxwell
8:19 Loom
11:11 Feudal Age
12:21 Double-Bit Axe
14:53 Castle Age
12:41 Horse Collar
16:10 Bow Saw
16:06 Heavy Plow
21:52 Wheelbarrow
22:58 Stone Mining
25:46 Hand Cart
25:31 Gold Mining
28:52 Imperial Age
26:56 Scale Barding Armor
28:10 Gold Shaft Mining
28:26 Chain Barding Armor
28:17 Forging
28:12 Pikeman
28:52 Squires
28:53 Scale Mail Armor
28:47 Town Watch
29:39 Bloodlines
29:30 Husbandry
29:09 Halberdier
30:21 Caravan
30:54 Chain Mail Armor
31:56 Conscription
31:01 Man-at-Arms
32:54 Iron Casting
33:11 Plate Barding Armor
32:05 Long Swordsman
32:53 Fletching
33:24 Ballistics
33:26 Ballistas
32:48 Legionary
36:35 Blast Furnace
37:05 Chemistry
36:31 Heavy Scorpion
37:42 Capped Ram
39:00 Siege Engineers
39:05 Siege Ram
40:41 Plate Barding Armor
40:46 Comitatenses
42:23 Masonry
46:45 Fortified Wall
47:06 Architecture
46:31 Murder Holes
46:33 Bodkin Arrow
46:54 Elite Centurion
OX
10:09 Feudal Age
10:37 Double-Bit Axe
10:55 Horse Collar
16:46 Castle Age
17:41 Bow Saw
17:52 Heavy Plow
19:49 Wheelbarrow
19:01 Loom
24:20 Fervor
24:28 Town Watch
25:33 Caravan
26:50 Hand Cart
30:41 Imperial Age
29:42 Wagenburg Tactics
30:02 Padded Archer Armor
30:59 Leather Archer Armor
32:19 Chemistry
33:07 Two-Man Saw
32:55 Ring Archer Armor
34:13 Treadmill Crane
34:44 Masonry
34:31 Fletching
35:47 Bodkin Arrow
36:42 Siege Engineers
37:29 Guilds
38:24 Architecture
40:07 Ballistics
41:07 Bracer
41:49 Murder Holes
42:45 Conscription
42:42 Fortified Wall
43:42 Houfnice
48:56 Sappers
Connection lost

Rejoining the realm…

Still unreachable

The connection could not be restored.

Session expired

The server has moved on; the page needs a fresh start.